 Dungeon Crawl Stone Soup version 0.30-a0-777-ga9a30cbeda (webtiles) character file.

Game seed: 17216245829294661604

51 Crownlay the Magician (level 4, 0/33 HPs)
             Began as a Djinni Earth Elementalist on Feb 13, 2023.
             Slain by a gnoll
             ... wielding a +0 spear
              (4 damage)
             ... on level 2 of the Dungeon.
             The game lasted 00:01:41 (842 turns).

Crownlay the Magician (Djinni Earth Elementalist)    Turns: 842, Time: 00:01:42

Health: 0/33       AC:  2    Str:  7    XL:     4   Next: 7%
Gold:   84         EV: 12    Int: 18    God:
                   SH:  0    Dex: 14

rFire   + + .      SeeInvis .    (no weapon)
rCold   x . .      Faith    .    (no shield)
rNeg    . . .      Spirit   .    a - +0 robe
rPois   ∞          Reflect  .    (no helmet)
rElec   .          Harm     .    (no cloak)
rCorr   .          Rampage  .    (no gloves)
Will    .....                    (boots unavailable)
Stlth   ++                       (no amulet)
HPRegen 0.25/turn                (no ring)
MPRegen 0.00/turn                (no ring)

@: flying
A: sickness immunity, fire resistance 2, cold vulnerability 1, float, innate
caster, HP casting, extra vitality 1
a: no special abilities


You were on level 2 of the Dungeon.
You visited 1 branch of the dungeon, and saw 4 of its levels.

You collected 84 gold pieces.

Inventory:

Armour
 a - a +0 robe (worn)
Scrolls
 d - 2 scrolls of magic mapping {unknown}
 e - a scroll of brand weapon {unknown}
Potions
 b - a potion of attraction {unknown}
 c - a potion of lignification {unknown}


   Skills:
 * Level 2.2 Fighting
 - Level 2.1 Dodging
 - Level 1.5 Stealth
 * Level 3.1 Spellcasting


You couldn't memorise any spells.
You knew the following spells:

 Your Spells              Type           Power      Damage    Failure   Level
a - Sandblast             Erth           26%        2d8       4%          1
b - Passwall              Tmut/Erth      10%        N/A       7%          2
c - Stone Arrow           Conj/Erth      26%        3d8       14%         3
d - Petrify               Tmut/Erth      13%        N/A       41%         4
e - Kiss of Death         Conj/Necr      52%        2d9       4%          1
Your spell library was empty.

Dungeon Overview and Level Annotations

Branches:
Dungeon (4/15)
 Temple: D:4-7

Altars:


Innate Abilities, Weirdness & Mutations

You are immune to sickness and miasma.
You are immune to poison.
Your flesh is very heat resistant. (rF++)
You are vulnerable to cold. (rC-)
You float through the air rather than walking.
You learn spells naturally, not from books.
Your magical power is your life essence.
You have superior vitality. (+4 MHP)


Message History

The gnoll shouts!
Your Fighting skill increases to level 2!
Your Spellcasting skill increases to level 3!
The blast of sand misses the gnoll.
The blast of sand misses the gnoll.
The gnoll hits you from afar with a +0 spear. x2
The blast of sand hits the gnoll.
The gnoll is heavily wounded.
The gnoll barely misses you.
The blast of sand misses the gnoll.
The gnoll misses you.
The blast of sand hits the gnoll.
The gnoll is moderately wounded.
The blast of sand hits the gnoll!
The gnoll is almost dead.
The gnoll hits you with a +0 club. x2
* * * LOW HITPOINT WARNING * * *
The gnoll hits you from afar with a +0 spear.
* * * LOW HITPOINT WARNING * * *
You are too injured to fight recklessly!
You are too injured to fight recklessly!
Casting: Sandblast (safe; 4% risk of failure)
Confirm with . or Enter, or press ? or * to list all spells.
Aiming: Sandblast (safe; 4% risk of failure)
Press: ? - help, Shift-Dir - straight line, f/p - gnoll
Aim: a gnoll, wielding a +0 club (almost dead, 84% to hit)
The blast of sand hits the gnoll!
You kill the gnoll!
* * * LOW HITPOINT WARNING * * *
You have reached level 4!
You feel agile.
Casting: Sandblast (safe; 4% risk of failure)
Confirm with . or Enter, or press ? or * to list all spells.
Aiming: Sandblast (safe; 4% risk of failure)
Press: ? - help, Shift-Dir - straight line, f - gnoll
Aim: a gnoll, wielding a +0 spear (heavily wounded, 84% to hit)
The blast of sand hits the gnoll.
The gnoll is almost dead.
* * * LOW HITPOINT WARNING * * *
The gnoll hits you from afar with a +0 spear.
You die...

#.# # #># .# #. #.#
.# .:. #.# .#
#...####.# !#
#.......###########
g#
.#.##.............#
.#
#.###########.##.#
#.# #....@.g.g.#
#.# #.#####.####
#.# #.# #.#
#.###.#####.#####.#
#.................#
###################


You could see 2 gnolls.

Vanquished Creatures
  2 gnolls (D:2)
  2 bats (D:1)
  3 endoplasms (D:1)
  5 hobgoblins (D:1)
  2 jackals (D:1)
  2 kobolds
  3 quokkas (D:1)
  6 ball pythons (D:1)
  4 rats
29 creatures vanquished.

Notes
Turn   | Place    | Note
-------+----------+-------------------------------------------
     0 | D:1      | Crownlay the Djinni Earth Elementalist began the quest for
                  | the Orb.
     0 | D:1      | Crownlay set off with the following spells memorised:
                  | Sandblast, Passwall, Stone Arrow, Petrify.
     0 | D:1      | Reached XP level 1. HP: 15/15 MP: 0/0
   168 | D:1      | Reached skill level 1 in Fighting
   168 | D:1      | Reached XP level 2. HP: 20/22 MP: 0/0
   220 | D:1      | Reached XP level 3. HP: 12/27 MP: 0/0
   220 | D:1      | Learned a level 1 spell: Kiss of Death
   476 | D:1      | Found a faded altar of an unknown god.
   741 | D:2      | You are sucked into a shaft and drop 2 floors!
   831 | D:2      | Reached skill level 3 in Spellcasting
   839 | D:2      | Reached XP level 4. HP: 4/33 MP: 0/0
   842 | D:2      | Slain by a gnoll

Illustrated notes

Levels and vault maps discovered:
D:1:      psy_arrival_fountain, layout_basic,
          shapermc_ecumenical_altar_starsandcircs, serial_park_tiny_2
D:2:      layout_loops_ring, kennysheep_another_room, hex_tiny,
          kennysheep_crisscross, corexii_hall_statues_s
D:3:      layout_rooms, mainiacjoe_overflow_tiny_flanked,
          nicolae_ashenzari_skybound, kennysheep_small_spiral,
          mrwooster_statue_mirror
D:4:      layout_layer_cave, old_standard_altar,
          nicolae_overflow_quartered_altars, dk_vineyard_3, uniq_menkaure

Skill      XL: |  1  2  3 |
---------------+----------+-----
Fighting       | 1 2 |  2.2
Spellcasting   | 3 |  3.1
Dodging        | |  2.1
Stealth        | |  1.5

Action                     |  1- 3 |  4- 6 || total
---------------------------+-------+-------++-------
   Cast: Sandblast         |    50 |     1 ||    51
 Armour: Robe              |     1 |       ||     1
  Dodge: Dodged            |    12 |       ||    12

Table legend: (Time is in decaauts)
 A = Elapsed time spent in this place.
 B = Non-inter-level travel time spent in this place.
 C = Inter-level travel time spent in this place.
 D = Time resting spent in this place.
 E = Time spent auto-exploring this place.
 F = Levels seen in this place.
 G = Mean time per level.
                   A        B        C        D        E       F      G
               +--------+--------+--------+--------+--------+-----+--------+
         Total |    866 |    814 |     52 |      0 |    655 |   4 |  216.5 |
       Dungeon |    866 |    814 |     52 |      0 |    655 |   4 |  216.5 |
               +--------+--------+--------+--------+--------+-----+--------+

Top non-repeatable levels by time:
     D:1: 738 daAuts
     D:2: 76 daAuts
     D:3: 46 daAuts
     D:4: 4 daAuts
